Connexion

BUFFALO Sabres vs FLORIDA Panthers (R3)

Created - 24 janvier 2024 at 05:52

Goals
1 2 3 T
BUFFALO Sabres 1 0 0 1
FLORIDA Panthers 2 1 0 3
Shots
1 2 3 T
BUFFALO Sabres 5 5 10 20
FLORIDA Panthers 7 6 12 25

GoalsPenalties
1st period
1. FLORIDA Panthers , Rickard Rakell 16 (Cody Eakin 19, Ian Cole 28) at 1:29
2. FLORIDA Panthers , Mikael Backlund 22 (Rickard Rakell 21, Mario Ferraro 22) at 7:12 (PP)
3. BUFFALO Sabres , Joel Farabee 11 (Joe Hicketts 18, Ivan Barbashev 7) at 17:38
Nelson Nogier (BUF) for Holding (Minor) at 6:30
Conor Sheary (BUF) for Interference (Minor) at 17:42
Rickard Rakell (FLO) for Holding (Minor) at 18:30
2nd period
4. FLORIDA Panthers , Kiril Kaprizov 14 (Nikolay Goldobin 24, Mario Ferraro 23) at 13:13
No Penalty
3rd period
No Goal
Nelson Nogier (BUF) for Hooking (Minor) at 4:38
Brandon Saad (BUF) for Tripping (Minor) at 6:08
Jared Spurgeon (FLO) for Hooking (Minor) at 11:09
Michael Bunting (FLO) for Tripping (Minor) at 15:53
Jared Spurgeon (FLO) for Roughing (Minor) at 19:15
Goalie Stats
Thatcher Demko (BUF), 22 saves from 25 shots - (0,880), L, 17-20-1, 60:00 minutes
Petr Mrazek (FLO), 19 saves from 20 shots - (0,950), W, 30-21-3, 60:00 minutes
3 StarsOfficial
1 - Mario Ferraro (FLO)
2 - Rickard Rakell (FLO)
3 - Mikael Backlund (FLO)
Referees : Eric Furlatt and Marcus Vinnerberg
Linesman : Brian Mach and Tim Nowak
Game Note
No Game Note
Finance
Level 1 -- Attendance: 6000 (100,00%) -- Ticket Income $780,000
Level 2 -- Attendance: 5060 (80,96%) -- Ticket Income $328,900
Level 3 -- Attendance: 2000 (100,00%) -- Ticket Income $100,000
Level 4 -- Attendance: 4000 (100,00%) -- Ticket Income $120,000
Luxury Box -- Attendance: 1000 (100,00%) -- Ticket Income $240,000
Game was played at the BankAtlantic Center.
Total Attendance: 18060 (93,82%)
Total Ticket Income: $1,568,900
Other Income: $313,780
Total Income: $1,882,680



Team Name Goals Shots Shots Attemp Shots Blocked PIM HIT PP PK FO%
BUFFALO Sabres 1204788220 / 4 (0%)159%
FLORIDA Panthers 3254938221 / 4 (25%)041%

BUFFALO Sabres
Player Name POS G A P +/- PIM HIT SHT SB MP PP MP PP SHT PK MP PK SHT FO% FOT
Anton BlidhLW000001106:490:0000:0000% 0
Brandon SaadLW/RW000-2210018:252:1800:250100% 1
Conor ShearyLW/RW0000223017:443:1200:000100% 1
Eetu LuostarinenC000000106:490:0000:00083% 6
Hampus LindholmD000-1011123:003:2902:3700% 0
Ivan BarbashevC/LW/RW0111000012:160:0000:00067% 6
Jesper BoqvistC/LW000000006:490:0000:0000% 0
Joe HickettsD0111001117:462:0100:0000% 0
Joel FarabeeLW1011012012:330:0600:00067% 3
Michael Del ZottoD0001042217:420:2012:2200% 0
Mikhail GrigorenkoC/LW/RW000-2011018:112:1801:11025% 4
Nelson NogierD000-1410219:161:4100:0000% 0
Robby FabbriC/LW0000033018:502:1810:59050% 8
Ryan JohansenC000-2001021:223:0603:34050% 20
Sam GagnerC/LW/RW0000002021:153:1223:19065% 20
Timothy LiljegrenD000-1021223:003:2912:3700% 0
Tyler MyersD000-1040019:140:0002:2200% 0
Warren FoegeleLW/RW0001011012:160:0000:0000% 0
FLORIDA Panthers
Player Name POS G A P +/- PIM HIT SHT SB MP PP MP PP SHT PK MP PK SHT FO% FOT
Alex BelzileC/RW000000007:580:0000:0000% 1
Barclay GoodrowLW/RW000-1032010:240:0000:0000% 6
Carter VerhaegheC/RW0001014015:110:0000:0000% 1
Cody EakinC/LW0111010023:062:4603:58040% 25
Connor TimminsD000-1000015:020:0000:0000% 0
Ian ColeD0112001119:542:1311:4900% 0
Jacob TroubaD000-1021015:560:0000:5400% 0
Jared Spurgeon D0000401122:482:4611:2700% 0
Justin ScottC/LW/RW000-1022014:092:1311:320100% 1
Kiril KaprizovLW1011012022:422:4613:58033% 3
Mario FerraroD0222031021:142:1313:0900% 0
Michael BuntingLW000-1212010:230:0000:0000% 0
Mikael BacklundC/LW1011012018:322:1311:32068% 19
Morgan GeekieC000001107:580:0000:00023% 13
Nikolay GoldobinLW/RW0111015017:332:4610:0000% 0
Noah HanifinD0000030125:042:4603:4100% 0
Rickard RakellC/LW/RW1121211017:232:1200:0000% 0
Taro HiroseLW000001007:580:0000:0000% 0



Play-by-Play

1st period


0:01 of 1st period - Mikael Backlund wins face-off versus Sam Gagner in neutral zone.
0:40 of 1st period - Icing by Mikael Backlund.
0:41 of 1st period - Ryan Johansen wins face-off versus Mikael Backlund in FLORIDA Panthers zone.
1:29 of 1st period - Shot by Cody Eakin.
1:29 of 1st period - Deflect By Rickard Rakell.
1:29 of 1st period - Goal by Rickard Rakell - BUFFALO Sabres : 0 - FLORIDA Panthers : 1.
1:30 of 1st period - Ivan Barbashev wins face-off versus Barclay Goodrow in neutral zone.
1:30 of 1st period - Joel Farabee is hit by Michael Bunting and loses puck.
1:34 of 1st period - Joe Hicketts is hit by Justin Scott and loses puck.
2:13 of 1st period - Joe Hicketts is hit by Barclay Goodrow and loses puck.
3:35 of 1st period - Shot by Rickard Rakell.
3:35 of 1st period - Shot Misses the Net.
3:37 of 1st period - Shot by Carter Verhaeghe.
3:37 of 1st period - Stopped by Thatcher Demko without a rebound.
3:38 of 1st period - Morgan Geekie wins face-off versus Ryan Johansen in BUFFALO Sabres zone.
3:41 of 1st period - Shot by Taro Hirose.
3:41 of 1st period - Shot Misses the Net.
3:47 of 1st period - Shot by Morgan Geekie.
3:47 of 1st period - Stopped by Thatcher Demko without a rebound.
3:48 of 1st period - Mikhail Grigorenko wins face-off versus Cody Eakin in BUFFALO Sabres zone.
3:48 of 1st period - Nelson Nogier is hit by Cody Eakin and loses puck.
4:30 of 1st period - Shot by Carter Verhaeghe.
4:30 of 1st period - Stopped by Thatcher Demko with a rebound.
4:54 of 1st period - Hampus Lindholm is hit by Mikael Backlund and loses puck.
5:54 of 1st period - Shot by Joe Hicketts.
5:54 of 1st period - Stopped by Petr Mrazek without a rebound.
5:55 of 1st period - Eetu Luostarinen wins face-off versus Morgan Geekie in FLORIDA Panthers zone.
6:05 of 1st period - Icing by Jacob Trouba.
6:06 of 1st period - Ryan Johansen wins face-off versus Morgan Geekie in FLORIDA Panthers zone.
6:30 of 1st period - Minor Penalty to Nelson Nogier for Holding.
6:31 of 1st period - Justin Scott wins face-off versus Ryan Johansen in BUFFALO Sabres zone.
6:48 of 1st period - Shot by Mario Ferraro.
6:48 of 1st period - Deflect By Justin Scott.
6:48 of 1st period - Shot Blocked by Timothy Liljegren.
7:12 of 1st period - Shot by Mikael Backlund.
7:12 of 1st period - Goal by Mikael Backlund - BUFFALO Sabres : 0 - FLORIDA Panthers : 2.
7:13 of 1st period - Ivan Barbashev wins face-off versus Morgan Geekie in neutral zone.
7:40 of 1st period - Shot by Morgan Geekie.
7:40 of 1st period - Shot Blocked by Nelson Nogier.
7:42 of 1st period - Shot by Morgan Geekie.
7:42 of 1st period - Shot Misses the Net.
7:44 of 1st period - Shot by Morgan Geekie.
7:44 of 1st period - Shot Misses the Net.
7:52 of 1st period - Shot by Jared Spurgeon .
7:52 of 1st period - Shot Misses the Net.
8:20 of 1st period - Shot by Eetu Luostarinen.
8:20 of 1st period - Stopped by Petr Mrazek with a rebound.
8:26 of 1st period - Shot by Anton Blidh.
8:26 of 1st period - Shot Misses the Net.
8:57 of 1st period - Icing by Rickard Rakell.
8:58 of 1st period - Sam Gagner wins face-off versus Carter Verhaeghe in FLORIDA Panthers zone.
10:57 of 1st period - Shot by Warren Foegele.
10:57 of 1st period - Stopped by Petr Mrazek without a rebound.
10:58 of 1st period - Eetu Luostarinen wins face-off versus Barclay Goodrow in FLORIDA Panthers zone.
11:14 of 1st period - Icing by Hampus Lindholm.
11:15 of 1st period - Eetu Luostarinen wins face-off versus Morgan Geekie in BUFFALO Sabres zone.
11:17 of 1st period - Hampus Lindholm is hit by Taro Hirose and loses puck.
11:43 of 1st period - Hampus Lindholm is hit by Noah Hanifin and loses puck.
12:04 of 1st period - Icing by Hampus Lindholm.
12:05 of 1st period - Mikael Backlund wins face-off versus Eetu Luostarinen in BUFFALO Sabres zone.
13:11 of 1st period - Off-side.
13:12 of 1st period - Ryan Johansen wins face-off versus Barclay Goodrow in neutral zone.
13:30 of 1st period - Shot by Barclay Goodrow.
13:30 of 1st period - Shot Misses the Net.
13:54 of 1st period - Brandon Saad is hit by Barclay Goodrow and loses puck.
14:30 of 1st period - Jacob Trouba is hit by Joel Farabee.
14:54 of 1st period - Shot by Carter Verhaeghe.
14:54 of 1st period - Stopped by Thatcher Demko without a rebound.
14:55 of 1st period - Mikael Backlund wins face-off versus Sam Gagner in BUFFALO Sabres zone.
14:58 of 1st period - Shot by Nikolay Goldobin.
14:58 of 1st period - Shot Misses the Net.
15:09 of 1st period - Icing by Nelson Nogier.
15:10 of 1st period - Sam Gagner wins face-off versus Morgan Geekie in BUFFALO Sabres zone.
15:12 of 1st period - Icing by Conor Sheary.
15:13 of 1st period - Mikael Backlund wins face-off versus Sam Gagner in BUFFALO Sabres zone.
15:24 of 1st period - Shot by Sam Gagner.
15:24 of 1st period - Shot Misses the Net.
16:07 of 1st period - Icing by Jared Spurgeon .
16:08 of 1st period - Mikael Backlund wins face-off versus Ryan Johansen in FLORIDA Panthers zone.
16:33 of 1st period - Shot by Brandon Saad.
16:33 of 1st period - Shot Misses the Net.
17:30 of 1st period - Shot by Joel Farabee.
17:30 of 1st period - Shot Misses the Net.
17:32 of 1st period - Shot by Joel Farabee.
17:32 of 1st period - Shot Misses the Net.
17:36 of 1st period - Shot by Joel Farabee.
17:36 of 1st period - Shot Misses the Net.
17:38 of 1st period - Shot by Joel Farabee.
17:38 of 1st period - Goal by Joel Farabee - BUFFALO Sabres : 1 - FLORIDA Panthers : 2.
17:39 of 1st period - Sam Gagner wins face-off versus Morgan Geekie in neutral zone.
17:42 of 1st period - Minor Penalty to Conor Sheary for Interference.
17:43 of 1st period - Cody Eakin wins face-off versus Ryan Johansen in BUFFALO Sabres zone.
17:43 of 1st period - Cody Eakin is hit by Tyler Myers.
18:08 of 1st period - Cody Eakin is hit by Tyler Myers and loses puck.
18:21 of 1st period - Shot by Nikolay Goldobin.
18:21 of 1st period - Stopped by Thatcher Demko without a rebound.
18:22 of 1st period - Mikael Backlund wins face-off versus Mikhail Grigorenko in BUFFALO Sabres zone.
18:30 of 1st period - Minor Penalty to Rickard Rakell for Holding.
18:31 of 1st period - Cody Eakin wins face-off versus Robby Fabbri in FLORIDA Panthers zone.
18:45 of 1st period - Shot by Hampus Lindholm.
18:45 of 1st period - Stopped by Petr Mrazek without a rebound.
18:46 of 1st period - Cody Eakin wins face-off versus Robby Fabbri in FLORIDA Panthers zone.
18:46 of 1st period - Cody Eakin is hit by Robby Fabbri.
19:14 of 1st period - Shot by Robby Fabbri.
19:14 of 1st period - Shot Misses the Net.
19:16 of 1st period - Shot by Nelson Nogier.
19:16 of 1st period - Shot Blocked by Jared Spurgeon .
19:26 of 1st period - Shot by Robby Fabbri.
19:26 of 1st period - Shot Misses the Net.
Goals for this period are 1 for BUFFALO Sabres vs 2 for FLORIDA Panthers.
Shots for this period are 5 for BUFFALO Sabres vs 7 for FLORIDA Panthers.

2nd period


0:01 of 2nd period - Ryan Johansen wins face-off versus Kiril Kaprizov in neutral zone.
0:06 of 2nd period - Shot by Conor Sheary.
0:06 of 2nd period - Shot Blocked by Noah Hanifin.
0:24 of 2nd period - Shot by Ryan Johansen.
0:24 of 2nd period - Shot Misses the Net.
0:30 of 2nd period - Timothy Liljegren is hit by Barclay Goodrow and loses puck.
1:12 of 2nd period - Nelson Nogier is hit by Justin Scott and loses puck.
1:35 of 2nd period - Icing by Mario Ferraro.
1:36 of 2nd period - Morgan Geekie wins face-off versus Sam Gagner in FLORIDA Panthers zone.
1:36 of 2nd period - Morgan Geekie is hit by Robby Fabbri.
1:39 of 2nd period - Alex Belzile is hit by Conor Sheary and loses puck.
2:00 of 2nd period - Shot by Robby Fabbri.
2:00 of 2nd period - Stopped by Petr Mrazek without a rebound.
2:01 of 2nd period - Brandon Saad wins face-off versus Mikael Backlund in FLORIDA Panthers zone.
2:05 of 2nd period - Ryan Johansen is hit by Jacob Trouba and loses puck.
2:23 of 2nd period - Kiril Kaprizov is hit by Michael Del Zotto and loses puck.
3:10 of 2nd period - Cody Eakin is hit by Brandon Saad and loses puck.
3:36 of 2nd period - Carter Verhaeghe is hit by Michael Del Zotto and loses puck.
3:54 of 2nd period - Michael Bunting is hit by Michael Del Zotto and loses puck.
4:03 of 2nd period - Shot by Justin Scott.
4:03 of 2nd period - Stopped by Thatcher Demko with a rebound.
4:15 of 2nd period - Shot by Michael Bunting.
4:15 of 2nd period - Shot Blocked by Michael Del Zotto.
4:27 of 2nd period - Justin Scott is hit by Michael Del Zotto.
4:59 of 2nd period - Kiril Kaprizov is hit by Timothy Liljegren and loses puck.
5:05 of 2nd period - Off-side.
5:06 of 2nd period - Ivan Barbashev wins face-off versus Morgan Geekie in neutral zone.
5:29 of 2nd period - Shot by Joel Farabee.
5:29 of 2nd period - Stopped by Petr Mrazek without a rebound.
5:30 of 2nd period - Sam Gagner wins face-off versus Cody Eakin in FLORIDA Panthers zone.
5:30 of 2nd period - Hampus Lindholm is hit by Mario Ferraro and loses puck.
5:43 of 2nd period - Shot by Conor Sheary.
5:43 of 2nd period - Shot Misses the Net.
5:45 of 2nd period - Shot by Conor Sheary.
5:45 of 2nd period - Shot Misses the Net.
5:47 of 2nd period - Shot by Sam Gagner.
5:47 of 2nd period - Shot Blocked by Ian Cole.
5:53 of 2nd period - Shot by Conor Sheary.
5:53 of 2nd period - Stopped by Petr Mrazek without a rebound.
5:54 of 2nd period - Mikael Backlund wins face-off versus Ivan Barbashev in FLORIDA Panthers zone.
6:34 of 2nd period - Shot by Nikolay Goldobin.
6:34 of 2nd period - Stopped by Thatcher Demko without a rebound.
6:35 of 2nd period - Sam Gagner wins face-off versus Cody Eakin in BUFFALO Sabres zone.
6:59 of 2nd period - Conor Sheary is hit by Mario Ferraro and loses puck.
9:16 of 2nd period - Icing by Ivan Barbashev.
9:17 of 2nd period - Ivan Barbashev wins face-off versus Morgan Geekie in BUFFALO Sabres zone.
9:17 of 2nd period - Ivan Barbashev is hit by Morgan Geekie.
9:28 of 2nd period - Icing by Mario Ferraro.
9:29 of 2nd period - Sam Gagner wins face-off versus Morgan Geekie in FLORIDA Panthers zone.
9:35 of 2nd period - Conor Sheary is hit by Mario Ferraro and loses puck.
9:44 of 2nd period - Shot by Conor Sheary.
9:44 of 2nd period - Stopped by Petr Mrazek without a rebound.
9:45 of 2nd period - Mikael Backlund wins face-off versus Ryan Johansen in FLORIDA Panthers zone.
10:12 of 2nd period - Nelson Nogier is hit by Nikolay Goldobin and loses puck.
10:22 of 2nd period - Shot by Ryan Johansen.
10:22 of 2nd period - Deflect By Mikhail Grigorenko.
10:22 of 2nd period - Stopped by Petr Mrazek without a rebound.
10:23 of 2nd period - Cody Eakin wins face-off versus Sam Gagner in FLORIDA Panthers zone.
10:32 of 2nd period - Shot by Sam Gagner.
10:32 of 2nd period - Shot Misses the Net.
10:52 of 2nd period - Shot by Cody Eakin.
10:52 of 2nd period - Shot Misses the Net.
10:54 of 2nd period - Shot by Rickard Rakell.
10:54 of 2nd period - Shot Blocked by Michael Del Zotto.
11:14 of 2nd period - Jared Spurgeon is hit by Conor Sheary and loses puck.
11:40 of 2nd period - Icing by Sam Gagner.
11:41 of 2nd period - Sam Gagner wins face-off versus Barclay Goodrow in BUFFALO Sabres zone.
13:03 of 2nd period - Shot by Mikael Backlund.
13:03 of 2nd period - Shot Misses the Net.
13:05 of 2nd period - Shot by Nikolay Goldobin.
13:05 of 2nd period - Stopped by Thatcher Demko with a rebound.
13:07 of 2nd period - Shot by Mikael Backlund.
13:07 of 2nd period - Shot Blocked by Timothy Liljegren.
13:09 of 2nd period - Shot by Mario Ferraro.
13:09 of 2nd period - Shot Misses the Net.
13:11 of 2nd period - Shot by Nikolay Goldobin.
13:11 of 2nd period - Shot Misses the Net.
13:13 of 2nd period - Shot by Kiril Kaprizov.
13:13 of 2nd period - Goal by Kiril Kaprizov - BUFFALO Sabres : 1 - FLORIDA Panthers : 3.
13:14 of 2nd period - Joel Farabee wins face-off versus Cody Eakin in neutral zone.
13:16 of 2nd period - Off-side.
13:17 of 2nd period - Cody Eakin wins face-off versus Ivan Barbashev in neutral zone.
13:47 of 2nd period - Icing by Nelson Nogier.
13:48 of 2nd period - Mikael Backlund wins face-off versus Joel Farabee in BUFFALO Sabres zone.
14:29 of 2nd period - Nikolay Goldobin is hit by Timothy Liljegren.
14:51 of 2nd period - Cody Eakin is hit by Mikhail Grigorenko and loses puck.
15:45 of 2nd period - Shot by Michael Bunting.
15:45 of 2nd period - Stopped by Thatcher Demko with a rebound.
17:11 of 2nd period - Kiril Kaprizov is hit by Anton Blidh and loses puck.
17:24 of 2nd period - Shot by Mikael Backlund.
17:24 of 2nd period - Stopped by Thatcher Demko without a rebound.
17:25 of 2nd period - Sam Gagner wins face-off versus Cody Eakin in BUFFALO Sabres zone.
17:25 of 2nd period - Sam Gagner is hit by Carter Verhaeghe.
17:28 of 2nd period - Icing by Hampus Lindholm.
17:29 of 2nd period - Sam Gagner wins face-off versus Mikael Backlund in BUFFALO Sabres zone.
17:59 of 2nd period - Shot by Nikolay Goldobin.
17:59 of 2nd period - Shot Blocked by Hampus Lindholm.
18:02 of 2nd period - Mikael Backlund is hit by Hampus Lindholm and loses puck.
18:20 of 2nd period - Icing by Timothy Liljegren.
18:21 of 2nd period - Sam Gagner wins face-off versus Cody Eakin in BUFFALO Sabres zone.
19:39 of 2nd period - Shot by Justin Scott.
19:39 of 2nd period - Shot Misses the Net.
19:41 of 2nd period - Shot by Michael Bunting.
19:41 of 2nd period - Deflect By Justin Scott.
19:41 of 2nd period - Shot Misses the Net.
19:43 of 2nd period - Shot by Barclay Goodrow.
19:43 of 2nd period - Shot Blocked by Nelson Nogier.
Goals for this period are 0 for BUFFALO Sabres vs 1 for FLORIDA Panthers.
Shots for this period are 5 for BUFFALO Sabres vs 6 for FLORIDA Panthers.

3rd period


0:01 of 3rd period - Sam Gagner wins face-off versus Mikael Backlund in neutral zone.
0:12 of 3rd period - Shot by Kiril Kaprizov.
0:12 of 3rd period - Shot Misses the Net.
0:14 of 3rd period - Shot by Nikolay Goldobin.
0:14 of 3rd period - Stopped by Thatcher Demko without a rebound.
0:15 of 3rd period - Cody Eakin wins face-off versus Ryan Johansen in BUFFALO Sabres zone.
0:15 of 3rd period - Cody Eakin is hit by Nelson Nogier.
0:48 of 3rd period - Shot by Mikhail Grigorenko.
0:48 of 3rd period - Shot Misses the Net.
1:05 of 3rd period - Icing by Nelson Nogier.
1:06 of 3rd period - Mikael Backlund wins face-off versus Ryan Johansen in BUFFALO Sabres zone.
1:06 of 3rd period - Nikolay Goldobin is hit by Tyler Myers and loses puck.
2:26 of 3rd period - Shot by Warren Foegele.
2:26 of 3rd period - Shot Misses the Net.
2:44 of 3rd period - Shot by Carter Verhaeghe.
2:44 of 3rd period - Shot Misses the Net.
3:32 of 3rd period - Jacob Trouba is hit by Warren Foegele.
3:46 of 3rd period - Shot by Justin Scott.
3:46 of 3rd period - Shot Blocked by Joe Hicketts.
3:48 of 3rd period - Shot by Jacob Trouba.
3:48 of 3rd period - Stopped by Thatcher Demko without a rebound.
3:49 of 3rd period - Sam Gagner wins face-off versus Morgan Geekie in BUFFALO Sabres zone.
3:56 of 3rd period - Shot by Robby Fabbri.
3:56 of 3rd period - Shot Misses the Net.
3:58 of 3rd period - Shot by Robby Fabbri.
3:58 of 3rd period - Stopped by Petr Mrazek without a rebound.
3:59 of 3rd period - Ryan Johansen wins face-off versus Barclay Goodrow in FLORIDA Panthers zone.
4:07 of 3rd period - Shot by Ryan Johansen.
4:07 of 3rd period - Shot Misses the Net.
4:15 of 3rd period - Shot by Mikhail Grigorenko.
4:15 of 3rd period - Shot Misses the Net.
4:17 of 3rd period - Shot by Ryan Johansen.
4:17 of 3rd period - Stopped by Petr Mrazek without a rebound.
4:18 of 3rd period - Sam Gagner wins face-off versus Cody Eakin in FLORIDA Panthers zone.
4:33 of 3rd period - Shot by Carter Verhaeghe.
4:33 of 3rd period - Stopped by Thatcher Demko with a rebound.
4:37 of 3rd period - Shot by Connor Timmins.
4:37 of 3rd period - Shot Misses the Net.
4:38 of 3rd period - Minor Penalty to Nelson Nogier for Hooking.
4:39 of 3rd period - Cody Eakin wins face-off versus Ryan Johansen in BUFFALO Sabres zone.
4:52 of 3rd period - Timothy Liljegren is hit by Kiril Kaprizov and loses puck.
5:05 of 3rd period - Shot by Kiril Kaprizov.
5:05 of 3rd period - Stopped by Thatcher Demko without a rebound.
5:06 of 3rd period - Mikael Backlund wins face-off versus Mikhail Grigorenko in BUFFALO Sabres zone.
6:08 of 3rd period - Minor Penalty to Brandon Saad for Tripping.
6:09 of 3rd period - Robby Fabbri wins face-off versus Cody Eakin in BUFFALO Sabres zone.
6:48 of 3rd period - Shot by Jared Spurgeon .
6:48 of 3rd period - Stopped by Thatcher Demko without a rebound.
6:49 of 3rd period - Mikael Backlund wins face-off versus Mikhail Grigorenko in BUFFALO Sabres zone.
7:10 of 3rd period - Shot by Ian Cole.
7:10 of 3rd period - Stopped by Thatcher Demko with a rebound.
7:16 of 3rd period - Shot by Justin Scott.
7:16 of 3rd period - Stopped by Thatcher Demko with a rebound.
7:22 of 3rd period - Shot by Mario Ferraro.
7:22 of 3rd period - Stopped by Thatcher Demko without a rebound.
7:23 of 3rd period - Ryan Johansen wins face-off versus Kiril Kaprizov in BUFFALO Sabres zone.
7:31 of 3rd period - Icing by Cody Eakin.
7:32 of 3rd period - Ryan Johansen wins face-off versus Cody Eakin in FLORIDA Panthers zone.
9:21 of 3rd period - Shot by Barclay Goodrow.
9:21 of 3rd period - Stopped by Thatcher Demko without a rebound.
9:22 of 3rd period - Cody Eakin wins face-off versus Sam Gagner in BUFFALO Sabres zone.
9:28 of 3rd period - Michael Del Zotto is hit by Rickard Rakell and loses puck.
9:50 of 3rd period - Shot by Conor Sheary.
9:50 of 3rd period - Stopped by Petr Mrazek without a rebound.
9:51 of 3rd period - Ryan Johansen wins face-off versus Mikael Backlund in FLORIDA Panthers zone.
10:24 of 3rd period - Shot by Mikhail Grigorenko.
10:24 of 3rd period - Deflect By Ryan Johansen.
10:24 of 3rd period - Shot Misses the Net.
10:57 of 3rd period - Robby Fabbri is hit by Noah Hanifin and loses puck.
11:06 of 3rd period - Shot by Conor Sheary.
11:06 of 3rd period - Shot Misses the Net.
11:08 of 3rd period - Shot by Sam Gagner.
11:08 of 3rd period - Shot Misses the Net.
11:09 of 3rd period - Minor Penalty to Jared Spurgeon for Hooking.
11:10 of 3rd period - Ryan Johansen wins face-off versus Cody Eakin in FLORIDA Panthers zone.
11:21 of 3rd period - Shot by Sam Gagner.
11:21 of 3rd period - Stopped by Petr Mrazek without a rebound.
11:22 of 3rd period - Kiril Kaprizov wins face-off versus Robby Fabbri in FLORIDA Panthers zone.
11:35 of 3rd period - Noah Hanifin is hit by Robby Fabbri and loses puck.
12:51 of 3rd period - Shot by Robby Fabbri.
12:51 of 3rd period - Stopped by Petr Mrazek without a rebound.
12:52 of 3rd period - Joel Farabee wins face-off versus Cody Eakin in FLORIDA Panthers zone.
12:57 of 3rd period - Shot by Conor Sheary.
12:57 of 3rd period - Deflect By Sam Gagner.
12:57 of 3rd period - Stopped by Petr Mrazek without a rebound.
12:58 of 3rd period - Robby Fabbri wins face-off versus Cody Eakin in FLORIDA Panthers zone.
13:47 of 3rd period - Shot by Joel Farabee.
13:47 of 3rd period - Shot Misses the Net.
13:49 of 3rd period - Shot by Michael Del Zotto.
13:49 of 3rd period - Stopped by Petr Mrazek with a rebound.
13:56 of 3rd period - Icing by Jacob Trouba.
13:57 of 3rd period - Morgan Geekie wins face-off versus Sam Gagner in FLORIDA Panthers zone.
14:35 of 3rd period - Shot by Nikolay Goldobin.
14:35 of 3rd period - Stopped by Thatcher Demko with a rebound.
15:17 of 3rd period - Shot by Ryan Johansen.
15:17 of 3rd period - Shot Misses the Net.
15:26 of 3rd period - Mikhail Grigorenko is hit by Noah Hanifin and loses puck.
15:53 of 3rd period - Minor Penalty to Michael Bunting for Tripping.
15:54 of 3rd period - Robby Fabbri wins face-off versus Cody Eakin in FLORIDA Panthers zone.
16:01 of 3rd period - Shot by Joe Hicketts.
16:01 of 3rd period - Shot Misses the Net.
16:13 of 3rd period - Shot by Michael Del Zotto.
16:13 of 3rd period - Stopped by Petr Mrazek without a rebound.
16:14 of 3rd period - Conor Sheary wins face-off versus Cody Eakin in FLORIDA Panthers zone.
17:32 of 3rd period - Icing by Hampus Lindholm.
17:33 of 3rd period - Mikael Backlund wins face-off versus Ryan Johansen in BUFFALO Sabres zone.
17:55 of 3rd period - Joe Hicketts is hit by Jacob Trouba.
18:40 of 3rd period - Icing by Connor Timmins.
18:41 of 3rd period - Eetu Luostarinen wins face-off versus Alex Belzile in FLORIDA Panthers zone.
18:48 of 3rd period - Shot by Anton Blidh.
18:48 of 3rd period - Stopped by Petr Mrazek without a rebound.
18:49 of 3rd period - Eetu Luostarinen wins face-off versus Barclay Goodrow in FLORIDA Panthers zone.
18:55 of 3rd period - Barclay Goodrow is hit by Tyler Myers and loses puck.
19:06 of 3rd period - Shot by Barclay Goodrow.
19:06 of 3rd period - Stopped by Thatcher Demko with a rebound.
19:08 of 3rd period - Shot by Barclay Goodrow.
19:08 of 3rd period - Deflect By Michael Bunting.
19:08 of 3rd period - Stopped by Thatcher Demko without a rebound.
19:09 of 3rd period - Ryan Johansen wins face-off versus Mikael Backlund in BUFFALO Sabres zone.
19:14 of 3rd period - Shot by Hampus Lindholm.
19:14 of 3rd period - Shot Misses the Net.
19:15 of 3rd period - Minor Penalty to Jared Spurgeon for Roughing.
19:16 of 3rd period - Cody Eakin wins face-off versus Ryan Johansen in FLORIDA Panthers zone.
19:37 of 3rd period - Shot by Timothy Liljegren.
19:37 of 3rd period - Stopped by Petr Mrazek without a rebound.
19:38 of 3rd period - Cody Eakin wins face-off versus Robby Fabbri in FLORIDA Panthers zone.
19:52 of 3rd period - Icing by Robby Fabbri.
19:53 of 3rd period - Robby Fabbri wins face-off versus Cody Eakin in BUFFALO Sabres zone.
Goals for this period are 0 for BUFFALO Sabres vs 0 for FLORIDA Panthers.
Shots for this period are 10 for BUFFALO Sabres vs 12 for FLORIDA Panthers.